 Dungeon Crawl Stone Soup version 0.29.0-4-gdea44cf6ec (webtiles) character file.

Game seed: 17615224190233912274

69 qw the Chopper (level 4, -2/26 HPs)
             Began as a Tengu Warper on Aug 28, 2022.
             Slain by Grinder (3 damage)
             ... on level 3 of the Dungeon.
             The game lasted 00:00:11 (1928 turns).

qw the Chopper (Tengu Warper)                       Turns: 1928, Time: 00:00:12

Health: -2/26      AC: 12    Str: 13    XL:     4   Next: 20%
Magic:  8/8        EV:  6    Int: 13    God:
Gold:   79         SH:  0    Dex: 20    Spells: 7/7 levels left

rFire   . . .      SeeInvis .   Y - +0 hand axe
rCold   . . .      Faith    .   (no shield)
rNeg    . . .      Spirit   .   n - +0 chain mail
rPois   .          Reflect  .   (helmet restricted)
rElec   .          Harm     .   (no cloak)
rCorr   .          Rampage  .   (no gloves)
Will    .....                   (boots unavailable)
Stlth   ..........              (no amulet)
HPRegen 0.08/turn               i - +4 ring of protection
MPRegen 0.11/turn               j - +6 ring of dexterity

@: no status effects
A: beak, talons 3
a: no special abilities


You were on level 3 of the Dungeon.
You visited 1 branch of the dungeon, and saw 3 of its levels.

You collected 160 gold pieces.
You spent 81 gold pieces at shops.


Innate Abilities, Weirdness & Mutations

You have a beak for a mouth.
You have claws for feet.


   Skills:
 - Level 2.0 Fighting
 + Level 4.8 Axes
 - Level 1.0 Throwing
 - Level 1.1 Armour
 - Level 2.1 Dodging
 - Level 2.0 Spellcasting
 - Level 2.4 Translocations


You had 7 spell levels left.
You didn't know any spells.
Your spell library contained the following spells:

 Spells                   Type           Power      Damage    Failure   Level
 Blink                    Tloc           14%        N/A       99%         2
 Gell's Gravitas          Tloc           7%         N/A       100%        3
 Lesser Beckoning         Tloc           7%         N/A       100%        3
 Teleport Other           Tloc           7%         N/A       100%        3
 Manifold Assault         Tloc           7%         N/A       100%        5

Inventory:

Hand Weapons
 b - a +0 flail
 Y - a +0 hand axe (weapon)
Armour
 e - an orb of energy
 n - a +0 chain mail (worn)
Jewellery
 i - a +4 ring of protection (left hand)
 j - a +6 ring of dexterity (right hand)
Scrolls
 o - 2 scrolls of identify
Potions
 a - a potion of ambrosia {unknown}
 c - 2 potions of cancellation
 d - a potion of invisibility {unknown}
 f - a potion of heal wounds {unknown}
 g - 2 potions of curing
 k - a potion of brilliance {unknown}

Dungeon Overview and Level Annotations

Branches:
Dungeon (3/15)

Altars:

Shops:
D:2 *

Annotations:
D:3 Grinder


Message History

You barely resist.
You can move again.
You hit Grinder.
Grinder is moderately wounded.
Grinder hits you but does no damage.
You hit Grinder. You claw Grinder, but do no damage.
Grinder is heavily wounded.
Grinder barely misses you.
You hit Grinder.
Grinder is heavily wounded.
Grinder hits you.
You closely miss Grinder.
Grinder is heavily wounded.
Grinder says, "DUCK!"
Grinder gestures at you. Pain shoots through your body!
You hit Grinder but do no damage. Your kick misses Grinder.
Grinder is heavily wounded.
Grinder barely misses you.
You hit Grinder. Your kick misses Grinder.
Grinder is heavily wounded.
Grinder gestures at you.
You suddenly lose the ability to move!
Grinder barely misses you.
You can move again.
You closely miss Grinder.
Grinder is heavily wounded.
Grinder hits you.
You writhe in agony.
Grinder barely misses you.
You closely miss Grinder. You claw Grinder.
Grinder is heavily wounded.
Grinder says, "Mostly I couldn't keep them alive."
Grinder gestures at you. Pain shoots through your body!
You hit Grinder. You claw Grinder, but do no damage. You peck Grinder.
Grinder is severely wounded.
Grinder hits you but does no damage.
You hit Grinder but do no damage.
Grinder is severely wounded.
Grinder hits you!
You writhe in agony.
You die...

.. #....### #. #.
..####. #...###. #.
..#...##.#.##.. #!.
#...##.........
#.#######..#.....##+#
#.............}.##
#.........#....##
#.........'...##
#..5@.....##.##
#.........##.#
#...########.# ####
##.# ...########..##
..............##
......<........##
..............}.##
.................####


You could see Grinder.

Vanquished Creatures
  2 adders
  A worm (D:2)
  2 dart slugs
  2 orcs
  6 ball pythons
  3 endoplasms
  2 giant cockroaches
  3 goblins
  5 hobgoblins
  A quokka (D:1)
  5 bats
  4 frilled lizards (D:1)
  A kobold (D:1)
  5 rats
42 creatures vanquished.

Notes
Turn   | Place    | Note
-------+----------+-------------------------------------------
     0 | D:1      | qw the Tengu Warper began the quest for the Orb.
     0 | D:1      | Reached XP level 1. HP: 12/12 MP: 4/4
     0 | D:1      | 0 ||| qw: Version: 0.1-a-89-g26bdef1
     0 | D:1      | 0 ||| qw: Game counter: 2819
     0 | D:1      | 0 ||| qw: Always use a shield: true
     0 | D:1      | 0 ||| qw: God list: Okawaru
     0 | D:1      | 0 ||| qw: Allow faded altars: false
     0 | D:1      | 0 ||| qw: Do Orc after D:15 true
     0 | D:1      | 0 ||| qw: Do second Lair branch before Depths: true
     0 | D:1      | 0 ||| qw: Lair rune preference: random
     0 | D:1      | 0 ||| qw: Plans: Normal
     0 | D:1      | 0 ||| PLANNING D:1-11
    57 | D:1      | 57 ||| Stepping ~*~*~tactically~*~*~ (stealth).
   131 | D:1      | 131 ||| Stepping ~*~*~tactically~*~*~ (hiding).
   259 | D:1      | Reached XP level 2. HP: 17/17 MP: 6/6
   272 | D:1      | Reached skill level 3 in Axes
   341 | D:1      | Found a faded altar of an unknown god.
   459 | D:1      | 459 ||| Stepping ~*~*~tactically~*~*~ (stealth).
   516 | D:1      | 516 ||| Stepping ~*~*~tactically~*~*~ (stealth).
   838 | D:1      | 838 ||| READING scroll labelled MUBRAASOEN.
   839 | D:1      | 839 ||| READING scroll labelled ZYUZ ROITUYREFO.
   844 | D:1      | 844 ||| DRINKING 2 bubbling purple potions.
   845 | D:1      | 845 ||| DROPPING scroll of blinking.
   899 | D:2      | Reached XP level 3. HP: 20/21 MP: 7/7
  1033 | D:2      | Reached skill level 4 in Axes
  1287 | D:2      | Found Tycwople's Assorted Antiques.
  1290 | D:2      | 1290 ||| BUYING chain mail (81 gold).
  1290 | D:2      | Bought a chain mail for 81 gold pieces
  1290 | D:2      | 1290 ||| SHOPLISTING scroll of identify (36 gold, have 23).
  1290 | D:2      | 1290 ||| SHOPLISTING scroll of teleportation (54 gold, have
                  | 23).
  1651 | D:2      | 1651 ||| UPGRADING to +1 leather armour of willpower.
  1661 | D:2      | 1661 ||| DROPPING +0 leather armour.
  1662 | D:2      | 1662 ||| UPGRADING to +0 chain mail.
  1672 | D:2      | 1672 ||| DROPPING +1 leather armour of willpower.
  1673 | D:2      | 1673 ||| UPGRADING to +4 ring of protection.
  1674 | D:2      | 1674 ||| UPGRADING to +6 ring of dexterity.
  1675 | D:2      | 1675 ||| READING scroll labelled VIZXILIOSCH.
  1676 | D:2      | 1676 ||| READING scroll labelled BIUQUL OPLONIXT.
  1677 | D:2      | 1677 ||| READING scroll labelled RISHRA ZUREDA.
  1678 | D:2      | 1678 ||| DRINKING 3 metallic emerald potions.
  1691 | D:3      | 1691 ||| STAIRDANCE
  1696 | D:2      | 1696 ||| DROPPING +0 club.
  1700 | D:3      | 1700 ||| STAIRDANCE
  1784 | D:3      | Reached XP level 4. HP: 26/26 MP: 8/8
  1909 | D:3      | Noticed Grinder
  1916 | D:3      | Paralysed by Grinder for 2 turns
  1923 | D:3      | Paralysed by Grinder for 2 turns
  1928 | D:3      | HP: 1/26 [Grinder (8)]
  1928 | D:3      | Slain by Grinder

Levels and vault maps discovered:
D:1:      minmay_arrival_open_corners, layout_loops_cross,
          ebering_ecumenical_altar_hall
D:2:      layout_loops_cross, serial_shops, nicolae_shop_window_shopping
D:3:      cheibrodos_pilgrimage, layout_basic,
          nicolae_overflow_ecumenical_swirl, mainiacjoe_overflow_tiny_flanked,
          eino_tiny_chamber, chequers_serial_rivers_small_b,
          chequers_serial_rivers_micro_b, uniq_grinder, uniq_ijyb

Skill      XL: |  1  2  3 |
---------------+----------+-----
Axes           | 3 4 |  4.8
Fighting       | |  2.0
Throwing       | |  1.0
Armour         | |  1.1
Dodging        | |  2.1
Spellcasting   | |  2.0
Translocations | |  2.4

Action                   |  1- 3 |  4- 6 || total
-------------------------+-------+-------++-------
Melee: Hand axe          |    88 |    17 ||   105
       Kick              |    20 |     3 ||    23
       Peck              |    15 |     1 ||    16
       Punch             |       |     1 ||     1
Throw: Boomerang         |     7 |       ||     7
  Use: Scroll            |     5 |       ||     5
       Potion            |     2 |       ||     2
Armor: Leather armour    |    22 |       ||    22
       Chain mail        |     3 |     5 ||     8
Dodge: Dodged            |    43 |     6 ||    49

Table legend:
 A = Non-vault XP
 B = Vault XP
 C = Vault XP percentage of total XP
 D = Non-vault monster count
 E = Vault monster count
 F = Vault count percentage of total count
                 A         B        C        D         E       F
            +---------+---------+-------+---------+---------+-------
      Total |      99 |       0 |   0.0 |      42 |       0 |   0.0
            +---------+---------+-------+---------+---------+-------
        D:1 |      33 |       0 |   0.0 |      21 |       0 |   0.0
        D:2 |      48 |       0 |   0.0 |      17 |       0 |   0.0
        D:3 |      18 |       0 |   0.0 |       4 |       0 |   0.0
            +---------+---------+-------+---------+---------+-------
